 Dungeon Crawl Stone Soup version 0.32-a0-656-g3542139ebd (webtiles) character file.

Game seed: 11039962823869775981

30252 kae the Carver (level 13, -10/102 HPs)
             Began as a Coglin Gladiator on Mar 8, 2024.
             Was a High Priest of Okawaru.
             Mangled by a death yak (20 damage)
             ... on level 2 of the Lair of Beasts.
             The game lasted 00:14:52 (14642 turns).

kae the Carver (Coglin Gladiator)                  Turns: 14642, Time: 00:14:52

Health: -10/102    AC: 16    Str: 12    XL:     13   Next: 50%
Magic:  18/18      EV: 15    Int:  8    God:    Okawaru [*****.]
Gold:   1613       SH:  0    Dex: 20    Spells: 12/12 levels left

rFire   + . .        i - +3 scimitar of Qazlal, Lusting {flame, rPois rF+ Str-3 SInv}
rCold   . . .        q - +2 falchion (heavy) {Chisato}
rNeg    . . .        D - +1 acid dragon scales
rPois   +            c - +0 helmet
rElec   .            N - +2 cloak
rCorr   +            B - +0 pair of gloves
SInv    +            v - +0 pair of boots
Will    .....        (amulet unavailable)
Stlth   +            (ring unavailable)
HPRegen 0.37/turn    (ring unavailable)
MPRegen 0.16/turn    (no gizmo)

%: no passive effects
@: revving
A: off-hand wielding, slow wielding, warmup strikes, no jewellery
a: Invent Gizmo, Renounce Religion, Heroism, Finesse, Duel


You were on level 2 of the Lair of Beasts.
You worshipped Okawaru.
Okawaru was extremely pleased with you.
You visited 3 branches of the dungeon, and saw 15 of its levels.
You also visited: Ossuary.

You collected 1613 gold pieces.


Innate Abilities, Weirdness & Mutations

You can wield a second weapon in your off-hand.
It takes a long time for you to wield or remove held weapons.
Your first few attacks do less damage.
You cannot equip rings or amulets.


   Skills:
 + Level 9.7 Fighting
 + Level 14.9 Long Blades
 - Level 1.7 Throwing
 + Level 8.6 Armour
 - Level 7.0 Dodging
 + Level 7.5 Invocations


You had 12 spell levels left.
You didn't know any spells.
Your spell library contained the following spells:

 Spells                   Type           Power      Damage    Failure   Level
 Apportation              Tloc           0%         N/A       52%         1
 Freeze                   Ice            0%         1d3       52%         1
 Kiss of Death            Conj/Necr      0%         2d5       52%         1
 Necrotise                Necr           0%         1d4       52%         1
 Sting                    Conj/Alch      0%         1d3       52%         1
 Sublimation of Blood     Necr           0%         N/A       67%         2
 Confusing Touch          Hex            0%         N/A       88%         3
 Frozen Ramparts          Ice            0%         1d1       88%         3
 Gell's Gravitas          Tloc           0%         N/A       88%         3
 Hailstorm                Conj/Ice       0%         3d5       88%         3
 Sigil of Binding         Hex            0%         N/A       88%         3
 Teleport Other           Tloc           0%         N/A       88%         3
 Dimensional Bullseye     Hex/Tloc       0%         N/A       99%         4
 Dispel Undead            Necr           0%         3d6       99%         4
 Petrify                  Alch/Erth      0%         N/A       99%         4
 Irradiate                Conj/Alch      0%         3d11      100%        5
 Dispersal                Tloc           0%         N/A       100%        6
 Summon Small Mammal      Summ           Unusable   N/A       N/A         1
 Call Canine Familiar     Summ           Unusable   N/A       N/A         3

Inventory:

Hand Weapons
 a - a +0 long sword of protection {Somchit}
 f - a +0 dagger {Dagmar}
 i - the +3 scimitar of Qazlal, Lusting (weapon) {flame, rPois rF+ Str-3 SInv}
   (You acquired it on level 4 of the Dungeon)

   Str-3:     It affects your strength (-3).
   rF+:       It protects you from fire.
   rPois:     It protects you from poison.
   SInv:      It lets you see invisible.
 q - a +2 heavy falchion (offhand) {Chisato}
   (You took it off an orc on level 3 of the Dungeon)
Missiles
 d - 3 throwing nets (quivered) {=f!f}
 e - 4 javelins
 k - 97 stones
 y - 25 poisoned darts
 I - 6 boomerangs
 P - 2 silver javelins
 S - 3 atropa-tipped darts
Armour
 c - a +0 helmet (worn)
 v - a +0 pair of boots (worn)
   (You found it on level 6 of the Dungeon)
 B - a +0 pair of gloves (worn)
   (You found it on level 6 of the Dungeon)
 D - +1 acid dragon scales (worn)
   (You took it off Maggie on level 7 of the Dungeon)
 N - a +2 cloak (worn)
   (You took it off Crazy Yiuf on level 7 of the Dungeon)
Magical Staves
 L - a staff of air {!a}
   (You found it on level 6 of the Dungeon)
Jewellery
 g - an amulet of regeneration
   (You found it on level 4 of the Dungeon)
 x - a ring of wizardry
   (You found it on level 1 of the Lair of Beasts)
 z - a ring of wizardry
   (You found it on level 8 of the Dungeon)
 A - an amulet of the acrobat
   (You found it on level 10 of the Dungeon)
 C - a ring of ice
   (You found it on level 7 of the Dungeon)
 E - a +5 ring of evasion
   (You found it on level 2 of the Dungeon)
 O - a +4 ring of protection
   (You found it on level 12 of the Dungeon)
 Z - a ring of wizardry
   (You found it on level 2 of the Dungeon)
Wands
 p - a wand of digging (4)
   (You found it on level 4 of the Dungeon)
 u - a wand of polymorph (29)
   (You found it on level 4 of the Dungeon)
 H - a wand of roots (14)
   (You took it off Maggie on level 7 of the Dungeon)
 M - a wand of quicksilver (16)
   (You took it off Maurice on level 7 of the Dungeon)
 W - a wand of mindburst (5)
   (You found it on level 2 of the Lair of Beasts)
Scrolls
 b - a scroll of teleportation {@r4}
 F - a scroll of poison
 G - a scroll of silence {!r}
 Q - a scroll of immolation {!r!r}
 V - a scroll of blinking {!r}
 X - a scroll of acquirement
 Y - a scroll of vulnerability {!r!r}
Potions
 h - 2 potions of brilliance
 j - a potion of heal wounds {@q2}
 l - 6 potions of haste {@q3}
 m - 3 potions of cancellation
 n - 3 potions of berserk rage {!q}
 o - 8 potions of curing {@q1}
 r - a potion of invisibility
 s - a potion of might
 t - 6 potions of enlightenment
 w - 2 potions of resistance
 J - a potion of magic
 K - a potion of mutation {!q}
 R - 2 potions of ambrosia
 T - a potion of attraction {!q}
 U - a potion of degeneration {!q}

Dungeon Overview and Level Annotations

Branches:
Dungeon (12/15) Zot: 25219  Temple (1/1) D:5 Zot: 5968    Lair (2/5) D:8 Zot: 10052
    Orc (0/2) D:12        Ossuary (visited)
  Swamp: Lair:2-3    Shoals: Lair:2-3     Snake: Lair:2-3    Spider: Lair:2-3

Altars:
Ashenzari
Cheibriados
Dithmenos
Elyvilon
Fedhas
Gozag
Hepliaklqana
Kikubaaqudgha
Makhleb
Nemelex Xobeh
Okawaru
Qazlal
Ru
Sif Muna
Trog
Uskayaw
Vehumet
Wu Jian
Xom
Yredelemnul
Zin
The Shining One

Shops:
D:8 [

Annotations:
Temple 2 transporters

.......#.†.......#.....#
#.##
.......#.##..#..##...###
#.P#
......#############..P###
#.## .....##
≈≈.≈##..###..##.######†#
#....#
#......#.###>...#.#....#
..#.##
....~≈...≈.##...........##
....##
...≈≈≈≈....##.............
..#..#
..≈≈≈≈≈~lY.##....#......##
..#..#
.≈≈≈≈≈≈~≈@.##...#.##....#
P.#..#
.~≈≈≈≈≈≈~.###...####P...#
.....# ..~≈≈≈≈≈...##..#.#
##...## #.####
...≈≈≈~....#....####.....#
### #+#≈≈~....#....#
#.....##
#≈≈≈.####....#####...##
##≈≈..# #..............#
#≈≈≈..###.#####..#....##
#≈≈≈..#.÷###########..#


You could see a death yak and a basilisk.


Message History

Your hp is fully restored (102).
Things that are here:
+0 steam dragon scales; a rime drake corpse; a steam dragon corpse The bullfrog barely misses you.
You slash the bullfrog with your +2 heavy falchion!
You slash the bullfrog with the +3 scimitar of Qazlal, Lusting!
You burn the bullfrog.
You kill the bullfrog!
Okawaru accepts your kill.
No target in view!
No target in view!
The death yak bellows!
The basilisk hisses angrily.
The death yak gores you! 😕 HP[-8]
You take 8 damage, and now have 94/102 hp.
You slash the death yak with your +2 heavy falchion!
You hit the death yak with the +3 scimitar of Qazlal, Lusting.
You burn the death yak. The death yak gores you.
You hit the death yak but do no damage.
You slice the death yak with your +2 heavy falchion!!
The death yak closely misses you.
The basilisk barely misses you. 😕 HP[-1]
You take 1 damage, and now have 93/102 hp.
You hit the death yak with your +2 heavy falchion.
You hit the death yak with the +3 scimitar of Qazlal, Lusting.
You burn the death yak. The death yak gores you! The basilisk bites you!
You hit the death yak with the +3 scimitar of Qazlal, Lusting.
You burn the death yak. You hit the death yak but do no damage.
The death yak barely misses you. 😮 HP[-17]
You take 17 damage, and now have 76/102 hp.
You barely miss the death yak with the +3 scimitar of Qazlal, Lusting.
You hit the death yak with your +2 heavy falchion.
The basilisk gazes at you.
You easily resist.
You hit the death yak with your +2 heavy falchion.
You hit the death yak with the +3 scimitar of Qazlal, Lusting.
You burn the death yak. The death yak gores you.
The basilisk completely misses you. 😮 HP[-2]
You take 2 damage, and now have 74/102 hp.
You barely miss the death yak with your +2 heavy falchion.
You slash the death yak with the +3 scimitar of Qazlal, Lusting!
You burn the death yak. The death yak gores you! The basilisk bites you.
You are too injured to fight recklessly! 😮 HP[-18]
You take 18 damage, and now have 56/102 hp.
You are too injured to fight recklessly!
You are too injured to fight recklessly!
You hit the death yak but do no damage.
You barely miss the death yak with the +3 scimitar of Qazlal, Lusting.
The death yak gores you!
* * * LOW HITPOINT WARNING * * *
The basilisk gazes at you.
You are slowing down. 😨 HP[-14]
You take 14 damage, and now have 42/102 hp.
You hit the death yak with the +3 scimitar of Qazlal, Lusting.
You burn the death yak.
You barely miss the death yak with your +2 heavy falchion.
The death yak gores you.
* * * LOW HITPOINT WARNING * * *
The basilisk gazes at you.
Your limbs have turned to stone.
You have turned to stone.
The death yak gores you but does no damage.
The basilisk bites you.
* * * LOW HITPOINT WARNING * * *
The death yak gores you but does no damage.
The basilisk bites you!
* * * LOW HITPOINT WARNING * * *
The death yak gores you.
* * * LOW HITPOINT WARNING * * *
The basilisk completely misses you.
The death yak gores you but does no damage.
The basilisk gazes at you. The death yak gores you!
* * * LOW HITPOINT WARNING * * *
The basilisk gazes at you.
You easily resist.
The death yak gores you but does no damage.
The basilisk bites you.
* * * LOW HITPOINT WARNING * * *
The death yak gores you!
* * * LOW HITPOINT WARNING * * *
The basilisk gazes at you. The death yak gores you!!
* * * LOW HITPOINT WARNING * * *
The basilisk bites you!
* * * LOW HITPOINT WARNING * * *
You turn to flesh and can move again.
You hit the death yak but do no damage.
You hit the death yak with your +2 heavy falchion.
The death yak gores you but does no damage.
The basilisk closely misses you.
Unknown command.
You barely miss the death yak with the +3 scimitar of Qazlal, Lusting.
You completely miss the death yak with your +2 heavy falchion.
The death yak gores you!!
You die...

Skill      XL: |  1  2  3  4  5  6  7  8  9 10 11 12 13 |
---------------+----------------------------------------+-----
Long Blades    | 4 5 6 7 9 11 13 14 | 14.9
Invocations    | 2 6 7 |  7.5
Fighting       | 6 8 9 |  9.7
Armour         | 7 8 |  8.6
Dodging        | 7 |  7.0
Throwing       | |  1.7

Action                     |  1- 3 |  4- 6 |  7- 9 | 10-12 | 13-15 || total
---------------------------+-------+-------+-------+-------+-------++-------
  Melee: Dagger            |    76 |    58 |       |       |       ||   134
         Long sword        |    82 |    70 |       |   109 |       ||   261
         Falchion          |       |    18 |   129 |   219 |   124 ||   490
         Scimitar          |       |    15 |   142 |   345 |   120 ||   622
         Unarmed           |       |       |       |    12 |       ||    12
 Invoke: Heroism           |       |       |     5 |     8 |     4 ||    17
    Use: Scroll            |     1 |     4 |    14 |    16 |     2 ||    37
         Potion            |       |     1 |     1 |     9 |       ||    11
   Stab: Sleeping          |     1 |     2 |     1 |     4 |     1 ||     9
 Armour: Leather armour    |    58 |    45 |    58 |       |       ||   161
         Acid dragon scale |       |       |    15 |   241 |    96 ||   352
         Skin              |       |       |       |     3 |       ||     3
  Dodge: Dodged            |    52 |    38 |    70 |   238 |    78 ||   476

Levels and vault maps discovered:
D:1:      amcnicky_arrival_flooded_fountain, layout_rooms,
          minmay_misc_feat_cross, interstate_on_off,
          minmay_misc_feat_secret_circle
D:2:      layout_rooms, minmay_worlds_worst_comb
D:3:      layout_basic, mainiacjoe_overflow_chevrons, kennysheep_generic_room_12
D:4:      layout_gridville, elyvilon_altar_5, hangedman_decor_diamond_cutter
D:5:      nicolae_cairo_tiling_large_dashed, layout_basic,
          mainiacjoe_overflow_concentric_impassable, temple_hall,
          mainiacjoe_ossuary_entry_dusty_tomb, uniq_blork_the_orc
D:6:      minmay_bubble_buster, layout_gridville,
          gammafunk_temple_overflow_statue, uniq_grinder
D:7:      layout_loops_cross, uniq_maurice, uniq_maggie, uniq_crazy_yiuf_cottage
D:8:      layout_cave_pods, dpeg_lair_monsters, serial_shops, shop_coins
D:9:      layout_small_grid
D:10:     layout_loops_corners
D:11:     layout_irregular_city, uniq_josephine
D:12:     regret_index_dithmenos_penumbral_divide, layout_irregular_city,
          uniq_psyche, uniq_erolcha
Temple:   hellmonk_temple_divided_pantheon
Lair:1:   layout_long_grid, lemuel_fruit_tree, grunt_megastairs_4
Lair:2:   layout_chaotic_city, basic_altar, minivault_11,
          nicolae_lair_lakeside_cave

Notes
Turn   | Place    | Note
-------+----------+-------------------------------------------
     0 | D:1      | kae the Coglin Gladiator began the quest for the Orb.
     0 | D:1      | Reached XP level 1. HP: 16/16 MP: 1/1
     0 | D:1      | magus.rc [v1.11.3]
   153 | D:1      | Reached XP level 2. HP: 22/22 MP: 2/2
   350 | D:1      | Reached skill level 4 in Long Blades
   401 | D:1      | Reached XP level 3. HP: 26/27 MP: 3/3
  1000 | D:2      | Reached XP level 4. HP: 32/33 MP: 4/4
  1464 | D:3      | HP: 8/33 [orc priest/nerve-wracking pain (11)]
  1574 | D:2      | Reached skill level 5 in Long Blades
  1711 | D:3      | Reached XP level 5. HP: 17/38 MP: 5/5
  1808 | D:3      | Found a hide-covered altar of Uskayaw.
  2069 | D:2      | Reached skill level 6 in Long Blades
  2176 | D:3      | Reached XP level 6. HP: 44/44 MP: 6/6
  2686 | D:4      | Identified a scroll of acquirement
  2686 | D:4      | Acquired the +3 scimitar of Qazlal, Lusting {flame, rPois
                  | rF+ Str-3 SInv}
  2865 | D:4      | Found a white marble altar of Elyvilon.
  2922 | D:4      | HP: 2/44 [ogre/+0 giant club (19)]
  2924 | D:4      | Reached skill level 7 in Long Blades
  3206 | D:4      | Reached XP level 7. HP: 46/50 MP: 7/7
  3560 | D:5      | Entered Level 5 of the Dungeon
  3564 | D:5      | Reached skill level 8 in Long Blades
  3612 | D:5      | Noticed Blork the orc
  3618 | D:5      | Killed Blork the orc
  3685 | D:5      | Acquired 666 gold pieces
  3709 | D:5      | Found a staircase to the Ecumenical Temple.
  3718 | Temple   | Found a transporter.
  3718 | Temple   | Found a transporter.
  3718 | Temple   | Found a transporter.
  3718 | Temple   | Found a transporter.
  3718 | Temple   | Entered the Ecumenical Temple
  3732 | Temple   | Became a worshipper of Warmaster Okawaru
  3856 | D:5      | Found a sand-covered staircase.
  3906 | D:5      | You pick up a book of the Hunter and begin reading...
  3906 | D:5      | You add the spells Sigil of Binding and Dimensional
                  | Bullseye to your library.
  3982 | Ossuary  | Entered an ossuary
  4088 | Ossuary  | Reached skill level 9 in Long Blades
  4368 | D:5      | You pick up a book of Transmutation and begin reading...
  4368 | D:5      | You add the spells Sublimation of Blood, Petrify and
                  | Irradiate to your library.
  4415 | D:5      | Found a basalt altar of Yredelemnul.
  4814 | D:6      | Reached XP level 8. HP: 56/56 MP: 8/8
  4964 | D:6      | Noticed Grinder
  4979 | D:6      | Killed Grinder
  4979 | D:6      | Reached * piety under Okawaru
  4980 | D:6      | Reached skill level 10 in Long Blades
  5365 | D:6      | Reached skill level 11 in Long Blades
  5448 | D:6      | Reached ** piety under Okawaru
  5470 | D:6      | Reached XP level 9. HP: 52/61 MP: 9/9
  5521 | D:6      | You add the spells Gell's Gravitas, Teleport Other and
                  | Dispersal to your library.
  5557 | D:6      | Found a radiant altar of Vehumet.
  5557 | D:6      | Found a shimmering altar of Xom.
  5565 | D:6      | Reached skill level 12 in Long Blades
  5919 | D:7      | Noticed Maggie
  5933 | D:7      | Killed Maggie
  6202 | D:7      | Reached skill level 13 in Long Blades
  6359 | D:7      | Reached *** piety under Okawaru
  6522 | D:7      | You pick up a book of Touch and begin reading...
  6522 | D:7      | You add the spells Kiss of Death, Confusing Touch and
                  | Dispel Undead to your library.
  6701 | D:7      | Found a runed translucent door.
  6702 | D:7      | Noticed Crazy Yiuf
  6812 | D:7      | Noticed Maurice
  6820 | D:7      | Reached skill level 1 in Invocations
  6825 | D:7      | Maurice stole a staff of air {!a}
  6826 | D:7      | Killed Maurice
  6932 | D:7      | Killed Crazy Yiuf
  6933 | D:7      | Reached skill level 2 in Invocations
  6933 | D:7      | Reached XP level 10. HP: 67/67 MP: 8/11
  7056 | D:8      | Reached skill level 14 in Long Blades
  7059 | D:8      | Reached skill level 3 in Invocations
  7071 | D:8      | Found a staircase to the Lair.
  7300 | D:8      | Reached skill level 4 in Invocations
  7386 | D:8      | Reached **** piety under Okawaru
  7697 | D:8      | Found Xaschytaa's Antique Armour Boutique.
  7705 | D:8      | Reached skill level 5 in Invocations
  7734 | D:8      | HP: 14/67 [orc warrior/+0 flail (10)]
  7742 | D:8      | HP: 16/67 [orc warrior/+0 hand axe (5)]
  8241 | D:9      | Reached skill level 6 in Invocations
  8253 | D:9      | Reached skill level 3 in Fighting
  8804 | D:9      | Reached skill level 4 in Fighting
  8918 | D:10     | Entered Level 10 of the Dungeon
  8986 | D:10     | Noticed a two-headed ogre
  8990 | D:10     | Reached skill level 5 in Fighting
  8994 | D:10     | Killed a two-headed ogre
  8995 | D:10     | Reached skill level 6 in Fighting
  8995 | D:10     | Reached XP level 11. HP: 62/82 MP: 15/15
  9244 | D:10     | Identified the +3 whip of Lodeyw {venom, rElec rN+}
  9416 | D:10     | Reached skill level 7 in Fighting
  9417 | D:10     | Reached ***** piety under Okawaru
  9856 | D:10     | Reached skill level 8 in Fighting
  9958 | D:11     | Noticed a manticore
  9963 | D:11     | Killed a manticore
  9963 | D:11     | Received a gift from Okawaru
  9964 | D:11     | Reached skill level 2 in Armour
  9978 | D:11     | Noticed a green ugly thing
  9988 | D:11     | Killed a green ugly thing
 10167 | D:11     | Reached skill level 3 in Armour
 10182 | D:11     | Reached skill level 4 in Armour
 10237 | D:11     | Noticed Josephine
 10245 | D:11     | Reached skill level 5 in Armour
 10261 | D:11     | Killed Josephine
 10261 | D:11     | Received a gift from Okawaru
 10344 | D:11     | Reached skill level 6 in Armour
 10860 | D:12     | Noticed a deep elf pyromancer
 10865 | D:12     | Killed a deep elf pyromancer
 10866 | D:12     | Reached skill level 7 in Armour
 10866 | D:12     | Reached XP level 12. HP: 92/92 MP: 16/16
 10877 | D:12     | Reached skill level 3 in Dodging
 10886 | D:12     | Reached skill level 4 in Dodging
 10886 | D:12     | HP: 17/92 [yak (7)]
 10894 | D:12     | HP: 18/92 [yak (10)]
 11112 | D:12     | Found a staircase to the Orcish Mines.
 11126 | D:12     | Noticed Erolcha
 11129 | D:12     | Killed Erolcha
 11130 | D:12     | Reached skill level 5 in Dodging
 11194 | D:12     | Noticed an ogre mage
 11200 | D:12     | Killed an ogre mage
 11201 | D:12     | Reached skill level 6 in Dodging
 11309 | D:12     | Received a gift from Okawaru
 11433 | D:12     | Noticed Psyche
 11606 | D:12     | Killed Psyche
 11630 | D:12     | You pick up a book of Cantrips and begin reading...
 11630 | D:12     | You add the spells Sting, Necrotise and Apportation to your
                  | library.
 11635 | D:12     | Noticed a two-headed ogre
 11646 | D:12     | Killed a two-headed ogre
 11647 | D:12     | Reached skill level 7 in Dodging
 11693 | D:12     | Noticed a two-headed ogre
 11700 | D:12     | Killed a two-headed ogre
 11788 | D:12     | Noticed a two-headed ogre
 11793 | D:12     | Killed a two-headed ogre
 11796 | D:12     | Noticed a rakshasa
 11820 | D:12     | Killed a rakshasa
 11958 | D:12     | Noticed a rakshasa
 11974 | D:12     | HP: 23/94 [rakshasa/+0 long sword (10)]
 11977 | D:12     | HP: 5/94 [rakshasa (illusionary)/+0 long sword (12)]
 11979 | D:12     | HP: 2/94 [rakshasa/lance of force (25)]
 12205 | D:12     | Noticed a centaur warrior
 12205 | D:12     | Noticed a tengu warrior
 12342 | D:12     | Killed a tengu warrior
 12383 | D:12     | Received a gift from Okawaru
 12665 | Lair:1   | Entered Level 1 of the Lair of Beasts
 12949 | Lair:1   | You pick up a book of Frost and begin reading...
 12949 | Lair:1   | You add the spells Freeze, Frozen Ramparts and Hailstorm to
                  | your library.
 12997 | Lair:1   | Reached XP level 13. HP: 100/100 MP: 18/18
 13430 | Lair:2   | Found an opulent altar of Gozag.
 13448 | Lair:2   | Reached skill level 9 in Fighting
 13458 | Lair:2   | Reached skill level 8 in Armour
 13465 | Lair:2   | Reached skill level 7 in Invocations
 14283 | Lair:2   | Noticed a dire elephant
 14414 | Lair:2   | Killed a dire elephant
 14414 | Lair:2   | Received a gift from Okawaru
 14639 | Lair:2   | HP: 22/102 [death yak (7)]
 14640 | Lair:2   | HP: 10/102 [basilisk (3)]
 14642 | Lair:2   | Mangled by a death yak

Vanquished Creatures
  A dire elephant (Lair:2)
  Josephine (D:11)
  Erolcha (D:12)
  A hydra (Lair:2)
  A rakshasa (D:12)
  An ogre mage (D:12)
  4 two-headed ogres
  A tengu warrior (D:12)
  A skyshark (Lair:2)
  An orc knight (D:12)
  A deep elf pyromancer (D:12)
  2 manticores
  2 ugly things
  Maurice (D:7)
  4 gargoyles
  5 cane toads
  Maggie (D:7)
  A rime drake (Lair:2)
  3 komodo dragons (Lair:2)
  Psyche (D:12)
  4 trolls
  2 hornets
  Grinder (D:6)
  8 blink frogs
  4 slime creatures (D:11)
  3 wraiths (D:11)
  3 shadows
  25 yaks
  3 wyverns
  2 steam dragons
  8 vampire mosquitoes
  5 water moccasins
  4 orc warriors
  3 sky beasts
  2 ogres
  A black bear (Lair:2)
  6 wolves (Lair:2)
  6 centaurs
  2 phantoms
  A kobold brigand (D:10)
  Blork the orc (D:5)
  11 bullfrogs
  4 scorpions
  14 wights
  10 killer bees
  3 howler monkeys
  A bombardier beetle (D:3)
  6 hounds
  2 jellies
  Crazy Yiuf (D:7)
  2 gnoll boudas
  13 orc priests
  3 iguanas (D:6)
  7 orc wizards
  8 mummies (Ossuary)
  8 gnolls
  4 adders
  2 white imps (D:7)
  An ufetubus (D:6)
  A ribbon worm (D:5)
  3 dart slugs
  31 orcs
  8 bats
  6 endoplasms
  5 giant cockroaches
  8 hobgoblins
  2 jackals (D:5)
  4 quokkas
  5 ball pythons
  2 frilled lizards (D:3)
  A gnoll zombie (Ossuary)
  4 goblins
  A hobgoblin zombie (Ossuary)
  6 kobolds
  3 kobold zombies (Ossuary)
  3 orc zombies (Ossuary)
  3 rats
324 creatures vanquished.

Table legend:
 A = Non-vault XP
 B = Vault XP
 C = Vault XP percentage of total XP
 D = Non-vault monster count
 E = Vault monster count
 F = Vault count percentage of total count
                 A         B        C        D         E       F
            +---------+---------+-------+---------+---------+-------
      Total |   29116 |   14102 |  32.6 |     259 |      65 |  20.1
            +---------+---------+-------+---------+---------+-------
        D:1 |      38 |       0 |   0.0 |      21 |       0 |   0.0
        D:2 |     125 |       6 |   4.6 |      18 |       3 |  14.3
        D:3 |     165 |       0 |   0.0 |      18 |       0 |   0.0
        D:4 |     342 |       0 |   0.0 |      13 |       0 |   0.0
        D:5 |     251 |      99 |  28.3 |      10 |       1 |   9.1
        D:6 |     973 |     849 |  46.6 |      17 |      10 |  37.0
        D:7 |     772 |     910 |  54.1 |      14 |       3 |  17.6
        D:8 |    1956 |    1036 |  34.6 |      29 |       6 |  17.1
        D:9 |     945 |       0 |   0.0 |      16 |       0 |   0.0
       D:10 |    3819 |       0 |   0.0 |      25 |       0 |   0.0
       D:11 |    4033 |    1569 |  28.0 |      16 |       4 |  20.0
       D:12 |    5448 |    6950 |  56.1 |      21 |      12 |  36.4
     Lair:1 |    1474 |     235 |  13.8 |       5 |       2 |  28.6
     Lair:2 |    8775 |    2296 |  20.7 |      36 |       8 |  18.2
    Ossuary |       0 |     152 | 100.0 |       0 |      16 | 100.0
            +---------+---------+-------+---------+---------+-------

Skill      XL: |  1  2  3  4  5  6  7  8  9 10 11 12 13 |
---------------+----------------------------------------+-----
Long Blades    | 4 5 6 7 9 11 13 14 | 14.9
Invocations    | 2 6 7 |  7.5
Fighting       | 6 8 9 |  9.7
Armour         | 7 8 |  8.6
Dodging        | 7 |  7.0
Throwing       | |  1.7

Action                     |  1- 3 |  4- 6 |  7- 9 | 10-12 | 13-15 || total
---------------------------+-------+-------+-------+-------+-------++-------
  Melee: Dagger            |    76 |    58 |       |       |       ||   134
         Long sword        |    82 |    70 |       |   109 |       ||   261
         Falchion          |       |    18 |   129 |   219 |   124 ||   490
         Scimitar          |       |    15 |   142 |   345 |   120 ||   622
         Unarmed           |       |       |       |    12 |       ||    12
 Invoke: Heroism           |       |       |     5 |     8 |     4 ||    17
    Use: Scroll            |     1 |     4 |    14 |    16 |     2 ||    37
         Potion            |       |     1 |     1 |     9 |       ||    11
   Stab: Sleeping          |     1 |     2 |     1 |     4 |     1 ||     9
 Armour: Leather armour    |    58 |    45 |    58 |       |       ||   161
         Acid dragon scale |       |       |    15 |   241 |    96 ||   352
         Skin              |       |       |       |     3 |       ||     3
  Dodge: Dodged            |    52 |    38 |    70 |   238 |    78 ||   476

Illustrated notes

Table legend:
 A = Kills in this place as a percentage of kills in the entire game.
 B = Kills by you in this place as a percentage of kills by you in the entire game.
 C = Kills by friends in this place as a percentage of kills by friends in the entire game.
 D = Other kills in this place as a percentage of other kills in the entire game.
 E = Experience gained in this place as a percentage of experience gained in the entire game.
 F = Experience gained in this place divided by the number of levels of this place that you have seen.
                   A       B       C       D       E      F
               +-------+-------+-------+-------+-------+----------------------
         Total | 100.0 | 100.0 |   N/A |   N/A | 100.0 | 2701.1
       Dungeon |  79.3 |  79.3 |   N/A |   N/A |  70.1 | 2523.8
          Lair |  15.7 |  15.7 |   N/A |   N/A |  29.6 | 6390.0
       Ossuary |   4.9 |   4.9 |   N/A |   N/A |   0.4 | 152.0
               +-------+-------+-------+-------+-------+----------------------

Table legend: (Time is in decaauts)
 A = Elapsed time spent in this place.
 B = Non-inter-level travel time spent in this place.
 C = Inter-level travel time spent in this place.
 D = Time resting spent in this place.
 E = Time spent auto-exploring this place.
 F = Levels seen in this place.
 G = Mean time per level.
                   A        B        C        D        E       F      G
               +--------+--------+--------+--------+--------+-----+--------+
         Total |  14474 |  13969 |    505 |   1585 |  10027 |  16 |  904.6 |
       Dungeon |  12211 |  11733 |    478 |   1393 |   8405 |  12 | 1017.6 |
        Temple |     31 |     22 |      9 |      0 |      0 |   1 |   31.0 |
          Lair |   1946 |   1928 |     18 |    145 |   1490 |   2 |  973.0 |
       Ossuary |    284 |    284 |      0 |     46 |    132 |   1 |  284.0 |
               +--------+--------+--------+--------+--------+-----+--------+

Top non-repeatable levels by time:
    D:12: 1667 daAuts
  Lair:2: 1263 daAuts
     D:8: 1120 daAuts
     D:6: 1096 daAuts
     D:7: 1081 daAuts
    D:10: 1064 daAuts
     D:2: 1037 daAuts
     D:3: 977 daAuts
     D:5: 921 daAuts
    D:11: 903 daAuts
     D:4: 879 daAuts
     D:9: 806 daAuts
  Lair:1: 683 daAuts
     D:1: 655 daAuts
 Ossuary: 284 daAuts
